 Dungeon Sprint DCSS version 0.30.1-9-gdf580d7c3d (webtiles) character file.

Game seed: 13861906256504772781

4 Heoruswealwe the Trooper (level 1, -3/20 HPs)
             Began as a Minotaur Fighter on Oct 12, 2023.
             Slain by an ogre
             ... wielding a +0 giant club
              (20 damage)
             ... in the Dungeon (Sprint IX: "|||||||||||||||||||||||||||||").
             The game lasted 00:00:11 (22 turns).

Heoruswealwe the Trooper (Minotaur Fighter)           Turns: 22, Time: 00:00:11

Health: -3/20      AC:  7    Str: 20    XL:     1   Next: 58%
Magic:  0/0        EV:  9    Int:  5    God:
Gold:   0          SH:  4    Dex:  9    Spells: 0/0 levels left

rFire   . . .        a - +0 trident
rCold   . . .        d - +0 buckler
rNeg    . . .        c - +0 scale mail
rPois   .            (helmet restricted)
rElec   .            (no cloak)
rCorr   .            (no gloves)
SInv    .            (no boots)
Will    .....        (no amulet) Stlth
                     (no ring)
HPRegen 0.23/turn    (no ring)
MPRegen 0.07/turn

%: no teleportation
@: no status effects
A: horns 2, retaliatory headbutt
a: no special abilities


You were in the Dungeon.
You visited 1 branch

Inventory:

Hand Weapons
 a - a +0 trident (weapon)
Armour
 c - a +0 scale mail (worn)
 d - a +0 buckler (worn)
Scrolls
 j - a scroll of blinking
Potions
 b - a potion of might
 e - a potion of curing
 f - a potion of heal wounds
 g - a potion of haste
 i - a potion of berserk rage


   Skills:
 + Level 4.1 Fighting
 * Level 3.7 Polearms
 + Level 4.1 Armour
 - Level 3.6 Shields


You couldn't memorise any spells.
You didn't know any spells.
Your spell library was empty.

Dungeon Overview and Level Annotations

Branches:
Dungeon (1/1)

Altars:


Innate Abilities, Weirdness & Mutations

You have a pair of horns on your head.
You reflexively headbutt those who attack you in melee.


Message History

The endoplasm quivers.
You hit the endoplasm.
You kill the endoplasm!
Your Polearms skill increases to level 3!
The endoplasm freezes you.
You are frozen.
There is an open door to the Dungeon here.
You hit the endoplasm.
You kill the endoplasm!
You block the bat's attack. The bat hits you but does no damage. x2
Your Fighting skill increases to level 4!
Your Armour skill increases to level 4!
You closely miss the bat. The bat barely misses you.
The bat closely misses you. You furiously retaliate!
You headbutt the bat, but do no damage. You miss the bat.
Your headbutt misses the bat. You block the bat's attack. x2
You barely miss the bat. Your headbutt misses the bat.
The bat hits you but does no damage.
You closely miss the bat. You block the bat's attack.
The bat closely misses you. You block the bat's attack.
You hit the bat.
You kill the bat!
You barely miss the rat. You headbutt the rat.
You kill the rat!
You barely miss the frilled lizard. The frilled lizard barely misses you.
You furiously retaliate!
You headbutt the frilled lizard!
You kill the frilled lizard!
You see here a frilled lizard corpse.
You open the door. 2 snakes, a centaur, an orc and an ogre come into view.
The water moccasin hisses angrily.
The centaur shouts!
The orc shouts!
The adder hisses angrily.
The ogre shouts!
You hit the ogre.
The ogre is lightly wounded.
The ogre hits you with a +0 giant club.
You barely miss the ogre.
The ogre is lightly wounded.
The ogre hits you with a +0 giant club!!
Ouch! That really hurt!
You die...

▓+▓
▓.▓
▓S▓
▓c▓
▓o▓
▓S▓
▓O▓
▓@▓
▓.▓
▓.▓
▓.▓
▓†▓
▓'▓
▓.▓
▓!▓
▓.▓


You could see a water moccasin, an ogre, a centaur, an adder and an orc.

Vanquished Creatures
  2 endoplasms (D)
  A bat (D)
  A frilled lizard (D)
  A rat (D)
5 creatures vanquished.

Notes
Turn   | Place    | Note
-------+----------+-------------------------------------------
     0 | D        | Heoruswealwe the Minotaur Fighter began the quest for the
                  | Orb.
     0 | D        | Reached XP level 1. HP: 19/19 MP: 0/0
    20 | D        | Noticed a water moccasin
    20 | D        | Noticed a centaur
    20 | D        | Noticed an ogre
    22 | D        | Slain by an ogre

Illustrated notes

Levels and vault maps discovered:
D:        linesprint [early_d, line_temple, items_1, d_10, items_2, lair_1,
          lair_end, items_3, orc_1, orc_end, items_4, d_15, swamp_1, shoals_1,
          snake_1, spider_1, d_20, vaults_1, items_5, swamp_end, shoals_end,
          snake_end, spider_end, vaults_end, d_27, items_6, zot_1, zot_end,
          crypt_end, forest_end, elf_end, slime_end, tomb_end, abyss_end,
          pan_hell_end]

Skill      XL: |  1 |
---------------+----+-----
Polearms       | 3 |  3.7
Fighting       | 4 |  4.1
Armour         | 4 |  4.1
Shields        | |  3.6

Action                     || total
---------------------------++-------
  Melee: Trident           ||    11
         Headbutt          ||     1
 Armour: Scale mail        ||     3
  Dodge: Dodged            ||     4
  Block: Buckler           ||     5
